 Dungeon Crawl Stone Soup version 0.29-a0-330-g52719c12eb (webtiles) character file.

Game seed: 14077174606995829935

293 kae the Firebug (level 5, -1/38 HPs)
             Began as a Demigod Fire Elementalist on Apr 28, 2022.
             Slain by an orc
             ... wielding a +0 hand axe
              (6 damage)
             ... on level 4 of the Dungeon.
             The game lasted 00:01:58 (4162 turns).

kae the Firebug (Demigod Fire Elementalist)         Turns: 4162, Time: 00:01:58

Health: -1/38      AC:  2    Str:  9    XL:     5   Next: 84%
Magic:  3/13       EV: 12    Int: 21    God:
Gold:   191        SH:  0    Dex: 14    Spells: 4/10 levels left

rFire   . . .      SeeInvis .   i - +0 great sword (freeze)
rCold   . . .      Faith    .   (shield currently unavailable)
rNeg    . . .      Spirit   .   a - +0 robe
rPois   .          Reflect  .   (no helmet)
rElec   .          Harm     .   (no cloak)
rCorr   .          Rampage  .   (no gloves)
Will    .....                   (no boots)
Stlth   ++........              (no amulet)
HPRegen 0.12/turn               (no ring)
MPRegen 0.13/turn               (no ring)

@: no status effects
A: high MP 1, forlorn, divine attributes
a: no special abilities


You were on level 4 of the Dungeon.
You visited 1 branch of the dungeon, and saw 4 of its levels.

You collected 191 gold pieces.

Inventory:

Hand Weapons
 f - a +0 spear
 i - a +0 great sword of freezing (weapon)
Armour
 a - a +0 robe (worn)
Jewellery
 l - the ring "Unastra" {Fire Dex+2}
   (You found it on level 2 of the Dungeon)

   [ring of fire]

   It enhances your fire magic.
   Dex:       It affects your dexterity (+2).
   rF:        It protects you from fire.
   rC:        It makes you vulnerable to cold.
Wands
 h - a wand of iceblast (12)
 n - a wand of flame (14)
Scrolls
 c - a scroll of fear
 j - a scroll of magic mapping
Potions
 b - 2 potions of magic
 d - a potion of mutation {unknown}
 e - a potion of might {unknown}
 g - a potion of cancellation {unknown}
 k - 2 potions of flight {unknown}
 o - a potion of curing {unknown}


   Skills:
 - Level 1.7 Dodging
 - Level 1.7 Stealth
 + Level 3.4 Spellcasting
 + Level 3.2 Conjurations
 + Level 4.2 Fire Magic


You had 4 spell levels left.
You knew the following spells:

 Your Spells              Type           Power      Damage    Failure   Level
a - Foxfire               Conj/Fire      76%        2x1d7     2%          1
b - Scorch                Fire           42%        2d7       3%          2
c - Conjure Flame         Conj/Fire      19%        6-21      9%          3

Your spell library contained the following spells:

 Spells                   Type           Power      Damage    Failure   Level
 Inner Flame              Hex/Fire       12%        N/A       16%         3
 Flame Wave               Conj/Fire      19%        2d6       28%         4
 Tukima's Dance           Hex            3%         N/A       36%         3
 Passage of Golubria      Tloc           3%         N/A       77%         4
 Yara's Violent Unravell  Hex/Tmut       1%         3d3       98%         5


Dungeon Overview and Level Annotations

Branches:
Dungeon (4/15)
 Temple: D:4-7

Annotations:
D:3 3 runed translucent doors, initializr's ghost, amateur HOHu


Innate Abilities, Weirdness & Mutations

You have an increased reservoir of magic. (+10% MP)
You shall have no god before yourself.
Your divine heritage dramatically boosts your attributes as you level up.


Message History

There is an open door here.
You slash the orc priest! You freeze the orc priest.
The orc priest is severely wounded.
The orc priest barely misses you. The orc completely misses you.
There are monsters nearby!
Casting: Foxfire (safe; 3% risk of failure)
Confirm with . or Enter, or press ? or * to list all spells.
Flames lash the orc priest.
You kill the orc priest!
The orc closely misses you.
The orc priest begins to cast a cantrip, but forgets the words!
The orc hits you with a +0 hand axe.
Casting: Scorch (safe; 3% risk of failure)
Confirm with . or Enter, or press ? or * to list all spells.
Flames lash the orc priest.
The orc priest is moderately wounded.
The orc priest's fire resistance burns away.
The orc priest mumbles some strange prayers to Beogh against you.
Pain shoots through your body!
* * * LOW HITPOINT WARNING * * *
The orc closely misses you. The orc hits you with a +0 hand axe.
* * * LOW HITPOINT WARNING * * *
Casting: Scorch (safe; 3% risk of failure)
Confirm with . or Enter, or press ? or * to list all spells.
Flames lash the orc priest.
The orc priest is burned terribly!
You kill the orc priest!
The orc barely misses you. The orc hits you with a +0 hand axe.
* * * LOW HITPOINT WARNING * * *
Casting: Scorch (safe; 3% risk of failure)
Confirm with . or Enter, or press ? or * to list all spells.
Flames lash the orc.
The orc is severely wounded.
The orc's fire resistance burns away.
The orc hits you but does no damage. The orc barely misses you.
Casting: Scorch (safe; 3% risk of failure)
Confirm with . or Enter, or press ? or * to list all spells.
Flames lash the orc but do no damage.
The orc hits you with a +0 hand axe.
You die...

..'..........#
..#..........#
..#..........#
###..........######
..#......###......#
..#......+........#
..#......#...#....#
###......##'##....#
..#.......#..###@##
..#.......'...#o)#
..#.......#...#.)#
'##.......#####..#
.....##'### #..#
.....#......# ...#
.....#......# ...#
.....#......#....#
.....#......#


You could see an orc (combustible).

Vanquished Creatures
  A scorpion (D:4)
  4 orc priests
  A gnoll (D:1)
  2 adders
  3 worms
  2 dart slugs
  6 orcs
  6 bats
  4 endoplasms
  7 giant cockroaches
  4 goblins
  7 hobgoblins
  4 jackals
  3 quokkas (D:1)
  9 ball pythons
  2 frilled lizards
  6 kobolds
  4 rats
75 creatures vanquished.

Vanquished Creatures (collateral kills)
  4 foxfires (D:1)
4 creatures vanquished.

Vanquished Creatures (others)
  A bat (D:3)
  292 foxfires
293 creatures vanquished.

Grand Total: 372 creatures vanquished

Notes
Turn   | Place    | Note
-------+----------+-------------------------------------------
     0 | D:1      | kae the Demigod Fire Elementalist began the quest for the
                  | Orb.
     0 | D:1      | Reached XP level 1. HP: 14/14 MP: 5/5
    90 | D:1      | Reached skill level 1 in Conjurations
   334 | D:1      | Reached XP level 2. HP: 20/20 MP: 2/7
   814 | D:1      | Reached skill level 3 in Fire Magic
  1162 | D:1      | Reached XP level 3. HP: 26/26 MP: 3/9
  1165 | D:1      | Learned a level 2 spell: Scorch
  1169 | D:1      | Learned a level 3 spell: Conjure Flame
  1708 | D:2      | Identified the ring "Unastra" {Fire Dex+2}
  2774 | D:3      | Reached XP level 4. HP: 30/33 MP: 5/10
  3152 | D:3      | Found a runed translucent gate.
  3152 | D:3      | Found a runed translucent gate.
  3152 | D:3      | Found a runed translucent gate.
  3158 | D:3      | Noticed initializr's ghost (amateur HOHu)
  3864 | D:4      | Reached XP level 5. HP: 32/38 MP: 8/12
  3937 | D:4      | Reached skill level 4 in Fire Magic
  4162 | D:4      | Slain by an orc

Illustrated notes

Levels and vault maps discovered:
D:1:      dpeg_arrival_tiny_d, layout_loops_cross,
          shapermc_ecumenical_altar_mp_vishouse, dreamdust_mushroom_princess
D:2:      layout_rooms, hangedman_decor_peaks_small
D:3:      layout_loops_ring, gammafunk_ghost_split, mrwooster_statue_mirror,
          kennysheep_doodads, lemuel_old_faithful
D:4:      layout_gridville, minmay_manual_mullet

Skill      XL: |  1  2  3  4  5 |
---------------+----------------+-----
Conjurations   | 1 2 3 |  3.2
Spellcasting   | 2 3 |  3.4
Fire Magic     | 3 4 |  4.2
Dodging        | |  1.7
Stealth        | |  1.7

Action                   |  1- 3 |  4- 6 || total
-------------------------+-------+-------++-------
Melee: Unarmed           |     5 |       ||     5
       Spear             |     1 |       ||     1
       Great sword       |     7 |     1 ||     8
 Cast: Foxfire           |   111 |    61 ||   172
       Scorch            |     3 |     9 ||    12
  Use: Scroll            |     4 |     2 ||     6
Armor: Robe              |    12 |     3 ||    15
Dodge: Dodged            |    38 |    14 ||    52

Table legend: (Time is in decaauts)
 A = Elapsed time spent in this place.
 B = Non-inter-level travel time spent in this place.
 C = Inter-level travel time spent in this place.
 D = Time resting spent in this place.
 E = Time spent auto-exploring this place.
 F = Levels seen in this place.
 G = Mean time per level.
                   A        B        C        D        E       F      G
               +--------+--------+--------+--------+--------+-----+--------+
         Total |   4167 |   4084 |     83 |      2 |   3497 |   4 | 1041.8 |
       Dungeon |   4167 |   4084 |     83 |      2 |   3497 |   4 | 1041.8 |
               +--------+--------+--------+--------+--------+-----+--------+

Top non-repeatable levels by time:
     D:1: 1487 daAuts
     D:2: 1279 daAuts
     D:3: 993 daAuts
     D:4: 407 daAuts
